AoeStats
← Thomaz987

Arabia

503129358Analyzed
2v2 RM · 1mo ago on Aug 30, 2026· 27m 31s· 4 players
Game mode
Random Map
Map size
Medium (4 player)
Population
200
Speed
Normal
Resources
Standard
Victory
Conquest
Starting age
Dark Age
Ending age
Imperial Age
RankedLock teamsTeams togetherTeam positionsShared explorationLock speedFull tech treeHidden civsTurbo modeCheats
Victory
Defeat
🇰🇿 Spanish · Kazakhstan
911
+16
🇰🇿 Romans · Kazakhstan
903
+16
🇦🇺 Vietnamese · Australia
902
-44
🇦🇺 Khmer · Australia
902
-44
soren_max
8:39 Loom
12:20 Feudal Age
12:45 Horse Collar
12:51 Double-Bit Axe
15:13 Bloodlines
24:26 Castle Age
25:26 Husbandry
Thomaz987
14:00 Feudal Age
17:14 Wheelbarrow
16:31 Town Watch
17:19 Double-Bit Axe
farrightmysticism
10:00 Feudal Age
8:17 Loom
19:25 Man-at-Arms
20:47 Arson
Agamemnon
8:18 Loom
11:49 Feudal Age
12:17 Double-Bit Axe
12:13 Horse Collar
14:17 Man-at-Arms
15:14 Scale Mail Armor
17:02 Fletching
19:30 Forging
19:21 Padded Archer Armor
26:15 Castle Age
24:16 Gold Mining
27:10 Elite Skirmisher
27:53 Squires
28:16 Chain Mail Armor
27:59 Bodkin Arrow
Connection lost

Rejoining the realm…

Still unreachable

The connection could not be restored.

Session expired

The server has moved on; the page needs a fresh start.